[Event "Team 45 45 League T31"]
[Site "Internet Chess Club"]
[Date "2006.06.24"]
[Round "1"]
[White "fledermaus"]
[Black "Apocalyptic"]
[Result "1-0"]
[WhiteElo "2051"]
[BlackElo "1967"]
[TimeControl "2700+45"]

1. d4 c5 2. d5 f5 3. e4 fxe4 4. Nc3 Nf6 5. g4 d6 6. g5 Ng4 7. Bb5+ Bd7 8. Qxg4
g6 9. Bxd7+ Nxd7 10. Qxe4 Bg7 11. Bd2 b5 12. Nge2 b4 13. Nd1 O-O 14. Nf4 Rf5 15.
Ne6 Qb6 16. f4 Qb7 17. Nxg7 Rxd5 18. Ne3 {Black resigns} 1-0  aics%

[Event "Team 45 45 League T31"]
[Site "Internet Chess Club"]
[Date "2006.06.25"]
[Round "1"]
[White "Silk"]
[Black "BorgCollective"]
[Result "0-1"]
[WhiteElo "1793"]
[BlackElo "1883"]
[TimeControl "2700+45"]

1. e4 d5 2. exd5 Nf6 3. c4 e6 4. dxe6 Bxe6 5. d4 Bb4+ 6. Bd2 Qe7 7. Bxb4 Qxb4+
8. Qd2 Qe7 9. Qe2 Nc6 10. Nf3 Qb4+ 11. Qd2 O-O-O 12. d5 Rhe8 13. Qxb4 Bxd5+ 14.
Qe7 Rxe7+ 15. Be2 Bxc4 {White resigns} 0-1  aics%

[Event "Team 45 45 League T31"]
[Site "Internet Chess Club"]
[Date "2006.06.22"]
[Round "1"]
[White "smitty120"]
[Black "Ghostblaster"]
[Result "1-0"]
[WhiteElo "1710"]
[BlackElo "1656"]
[TimeControl "2700+45"]

1. e4 c5 2. Nf3 d6 3. d4 cxd4 4. Nxd4 Nf6 5. Nc3 a6 6. f3 e6 7. Be3 Be7 8. Qd2
b5 9. O-O-O Bb7 10. Nb3 Nbd7 11. g4 Ne5 12. Qf2 Nfd7 13. h4 b4 14. Na4 Qc7 15.
Nb6 Nxb6 16. Bxb6 Qc8 17. Na5 O-O 18. Rg1 Nc6 19. Nc4 d5 20. exd5 exd5 21. Ne3
d4 22. Nf5 Bf6 23. Nxd4 Nxd4 24. Bxd4 Bxd4 25. Rxd4 Qc5 26. Rd2 Rac8 27. Qxc5
Rxc5 28. f4 Rfc8 29. Rg3 Be4 30. Bd3 Bd5 31. Bxa6 Re8 32. Rgd3 Re1+ 33. Rd1
Rxd1+ 34. Rxd1 Kf8 35. Rd4 b3 36. axb3 Bxb3 37. c3 Ra5 38. Bc4 Ra1+ 39. Kd2 Bd1
40. f5 h5 41. g5 Ke7 42. Bb5 Bg4 43. Rd7+ Kf8 44. Rd8+ Ke7 45. Re8+ Kd6 46. Bd3
Rd1+ 47. Kc2 Rh1 48. b4 Rxh4 49. c4 Rh2+ 50. Kc3 Bf3 51. c5+ Kc6 52. Rc8+ Kb7
53. Rf8 Bd5 54. Kd4 Bf3 55. Rxf7+ Kb8 56. Rxg7 h4 57. f6 Rf2 58. f7 Bh5 59. Rg8+
{Black resigns} 1-0  aics%

[Event "Team 45 45 League T31"]
[Site "Internet Chess Club"]
[Date "2006.06.26"]
[Round "1"]
[White "autobot"]
[Black "Theodulf"]
[Result "1/2-1/2"]
[WhiteElo "1650"]
[BlackElo "1636"]
[TimeControl "2700+45"]

1. d4 d5 2. Nf3 Nf6 3. e3 Bf5 4. Bd3 e6 5. Bxf5 exf5 6. O-O Be7 7. c4 c6 8. cxd5
cxd5 9. Ne5 O-O 10. Nc3 Re8 11. Bd2 Bd6 12. Nd3 Nc6 13. Nb5 Bb8 14. g3 a6 15.
Nc3 h5 16. Nf4 Bxf4 17. exf4 Nxd4 18. Be3 Nc6 19. Bd4 Nxd4 20. Qxd4 Qd7 21. Rad1
Red8 22. Rfe1 Rac8 23. Re5 Re8 24. Nxd5 Nxd5 25. Rxd5 Qc6 26. Rxf5 Re4 27. Qd3
Rce8 28. Re5 R4xe5 29. fxe5 Rxe5 30. Qd8+ Re8 31. Qg5 g6 32. h4 Qe4 33. Qd2 Qe2
34. a3 Qb5 35. Qd7 Qe2 {Game drawn by mutual agreement} 1/2-1/2  aics%

[Event "Team 45 45 League T31"]
[Site "Internet Chess Club"]
[Date "2006.06.24"]
[Round "1"]
[White "camembert"]
[Black "achessman"]
[Result "1/2-1/2"]
[WhiteElo "1930"]
[BlackElo "2027"]
[TimeControl "2700+45"]

1. d4 d5 2. c4 c6 3. cxd5 cxd5 4. Nc3 Nf6 5. Bf4 e6 6. e3 Bd6 7. Bg3 O-O 8. Nf3
Nc6 9. Bb5 Ne7 10. Ne5 a6 11. Bd3 b5 12. a3 Bb7 13. f3 Rc8 14. O-O Nf5 15. Bf2
Qc7 16. g4 Ne7 17. g5 Ne8 18. f4 f5 19. Rc1 Nc6 20. Be1 Qe7 21. Ne2 Bb8 22. Nxc6
Bxc6 23. Bb4 Bd6 24. Bxd6 Nxd6 25. b3 Bb7 26. Qd2 Rxc1 27. Rxc1 Rc8 28. Rxc8+
Nxc8 29. Qc1 Kf7 30. Kf2 Ke8 {Game drawn by mutual agreement} 1/2-1/2  aics%

[Event "Team 45 45 League T31"]
[Site "Internet Chess Club"]
[Date "2006.06.25"]
[Round "1"]
[White "kingfischer57"]
[Black "Klampin"]
[Result "1/2-1/2"]
[WhiteElo "1808"]
[BlackElo "1806"]
[TimeControl "2700+45"]

1. d4 d5 2. c4 c6 3. Nc3 e5 4. dxe5 d4 5. Ne4 Qa5+ 6. Bd2 Qxe5 7. Ng3 Nf6 8. Nf3
Qd6 9. Bg5 c5 10. e3 dxe3 11. Bxe3 Nc6 12. Qxd6 Bxd6 13. O-O-O Be7 14. Bd3 Bg4
15. Be2 O-O 16. h3 Be6 17. Ng5 Bd7 18. N5e4 Nxe4 19. Nxe4 Bf5 20. Nc3 Rfd8 {Game
drawn by mutual agreement} 1/2-1/2  aics%

[Event "Team 45 45 League T31"]
[Site "Internet Chess Club"]
[Date "2006.06.26"]
[Round "1"]
[White "six-killer"]
[Black "tourettes"]
[Result "0-1"]
[WhiteElo "1734"]
[BlackElo "1761"]
[TimeControl "2700+45"]

1. e4 e6 2. d4 d5 3. Nc3 Bb4 4. e5 Ne7 5. Bd2 c5 6. Nb5 Bxd2+ 7. Qxd2 O-O 8. f4
Qb6 9. dxc5 Qxc5 10. Nf3 Bd7 11. Nbd4 a6 12. Bd3 Nbc6 13. Nb3 Qb6 14. Bxh7+ Kxh7
15. Qd3+ Nf5 16. Ng5+ Kg8 17. Ke2 Qb5 18. g4 Qxd3+ 19. Kxd3 Nfe7 20. Nc5 Bc8 21.
h4 b6 22. Na4 Rb8 23. h5 f6 24. exf6 Rxf6 25. Nh3 e5 26. g5 Bf5+ 27. Kd2 Rd6 28.
fxe5 Nxe5 29. Nf4 Nf3+ 30. Ke3 Nxg5 31. Rag1 Be4 32. Ng2 Rf8 33. Nc3 d4+ {White
resigns} 0-1  aics%

[Event "Team 45 45 League T31"]
[Site "Internet Chess Club"]
[Date "2006.06.27"]
[Round "1"]
[White "crankn8tr"]
[Black "RD1974"]
[Result "0-1"]
[WhiteElo "1614"]
[BlackElo "1690"]
[TimeControl "2700+45"]

1. e4 d5 2. exd5 Qxd5 3. Nc3 Qd6 4. d4 Nf6 5. Nf3 a6 6. a4 Nc6 7. Bc4 Bg4 8. Be3
e6 9. O-O Be7 10. Be2 O-O-O 11. Ne5 Bxe2 12. Qxe2 Nxe5 13. dxe5 Qxe5 14. Qc4 Rd7
15. Nb5 Nd5 16. Na7+ Kd8 17. Nc6+ bxc6 18. Qxa6 Ke8 19. Qxc6 Nxe3 20. Rfe1 Qxb2
21. Rab1 Qxc2 22. Rb8+ Bd8 23. Qxc2 Nxc2 24. Rc1 Nd4 25. a5 Ne2+ 26. Kf1 Nxc1
27. Ke1 Rd5 28. a6 Ra5 29. a7 Rxa7 {White resigns} 0-1  aics%

[Event "Team 45 45 League T31"]
[Site "Internet Chess Club"]
[Date "2006.06.23"]
[Round "1"]
[White "nightly"]
[Black "BishopsArms"]
[Result "1/2-1/2"]
[WhiteElo "2010"]
[BlackElo "1832"]
[TimeControl "2700+45"]

1. c4 Nf6 2. g3 e5 3. Bg2 d5 4. cxd5 Nxd5 5. Nf3 Nc6 6. O-O Be7 7. d4 exd4 8.
Nxd4 Nxd4 9. Qxd4 Nf6 10. Qa4+ Bd7 11. Qb3 Rb8 12. Nc3 O-O 13. Rd1 Bd6 14. Be3
b6 15. Nb5 Bxb5 16. Qxb5 Qe7 17. Rac1 c5 18. Rc2 Ng4 19. Bc1 Qf6 20. e3 Ne5 21.
b3 Rbd8 22. f4 Ng4 23. h3 Qg6 24. Qe2 Nf6 25. Rcd2 Bc7 26. g4 Ne4 27. Rxd8 Rxd8
28. Rxd8+ Bxd8 29. f5 Ng3 30. Qf3 Qd6 31. Kf2 Bc7 32. Qd5 h5 33. Qxd6 Bxd6 34.
Bd2 Kf8 35. Bf3 h4 36. Bc3 f6 37. Bd5 Ke7 38. Kf3 Be5 39. Bxe5 fxe5 40. Bc4 Kf6
41. Bd3 Kg5 42. Kf2 Kf6 43. Ke1 Ke7 44. Kf2 Kf6 45. Ke1 Ke7 46. Kd2 Nh1 47. Be4
Ng3 48. Bd3 Nh1 49. Bf1 Ng3 50. Bg2 Kd6 51. Kd3 b5 52. Bb7 a5 53. Ba6 Kc6 54.
Bc8 e4+ 55. Kd2 Kd5 56. Bd7 b4 57. Be6+ Ke5 58. Bd7 Kd5 59. Be6+ Ke5 60. Bd7
{Game drawn by mutual agreement} 1/2-1/2  aics%

[Event "Team 45 45 League T31"]
[Site "Internet Chess Club"]
[Date "2006.06.27"]
[Round "1"]
[White "alastorx"]
[Black "Rlopez"]
[Result "0-1"]
[WhiteElo "1792"]
[BlackElo "1853"]
[TimeControl "2700+45"]

1. d4 Nf6 2. Nc3 d5 3. Bg5 c5 4. e4 Nxe4 5. Nxe4 dxe4 6. dxc5 Qa5+ 7. Qd2 Qxd2+
8. Bxd2 e5 9. b4 Be6 10. Bb5+ Nc6 11. Ne2 Be7 12. O-O O-O 13. c3 a6 14. Ba4 Bc4
15. Rfe1 Rad8 16. Bc1 Kh8 17. Bb3 Bd3 18. Bb2 f5 19. Rad1 Bg5 20. a4 e3 21. Nc1
exf2+ 22. Kxf2 Be4 23. b5 axb5 24. axb5 Ne7 25. c4 Ng6 26. Ne2 Nf4 27. Bxe5 Nd3+
28. Rxd3 Bxd3 29. Nc3 Rfe8 30. Nd5 Be4 31. Bc7 Ra8 32. Re2 Ra3 33. Bd1 Rea8 34.
Nb4 Bf6 35. Bc2 Bd4+ 36. Ke1 Bc3+ {White resigns} 0-1  aics%

[Event "Team 45 45 League T31"]
[Site "Internet Chess Club"]
[Date "2006.06.24"]
[Round "1"]
[White "herbertfaria"]
[Black "Egmont"]
[Result "1/2-1/2"]
[WhiteElo "1644"]
[BlackElo "1628"]
[TimeControl "2700+45"]

1. e4 c5 2. c3 d5 3. exd5 Qxd5 4. d4 Nf6 5. Nf3 Bg4 6. Be2 e6 7. O-O Be7 8. Be3
cxd4 9. cxd4 O-O 10. Nc3 Qd7 11. h3 Bh5 12. a3 Nc6 13. Rc1 a6 14. Qd2 Bg6 15.
Rfd1 Ne4 16. Nxe4 Bxe4 17. b4 Na7 18. Qb2 Bc6 19. Ne5 Qe8 20. Nxc6 Nxc6 21. d5
exd5 22. Rxd5 Bf6 23. Qd2 Rd8 24. Rxd8 Qxd8 25. Bf3 Qxd2 26. Bxd2 Bb2 27. Rc2
Bxa3 28. Bxc6 bxc6 29. Rxc6 Ra8 30. Kf1 Kf8 31. Ke2 Ke7 32. Rc2 Rb8 33. Rc4 Rb6
34. f3 Re6+ 35. Re4 Rxe4+ 36. fxe4 Ke6 37. Kd3 Bb2 38. Kc2 Be5 39. Kb3 Bd6 40.
Kc4 Ke5 41. Kd3 g6 42. g4 {Game drawn by mutual agreement} 1/2-1/2  aics%

[Event "Team 45 45 League T31"]
[Site "Internet Chess Club"]
[Date "2006.06.27"]
[Round "1"]
[White "chinta"]
[Black "David-Carioca"]
[Result "1-0"]
[WhiteElo "1557"]
[BlackElo "1667"]
[TimeControl "2700+45"]

1. e4 e6 2. d4 d5 3. Nc3 dxe4 4. Nxe4 Nd7 5. Nf3 Ngf6 6. Bd3 Nxe4 7. Bxe4 Nf6 8.
Bd3 c5 9. O-O cxd4 10. Nxd4 Bc5 11. Be3 Qb6 12. b3 Bd7 13. c3 Nd5 14. Qg4 g6 15.
Bd2 Bxd4 16. Qxd4 Qxd4 17. cxd4 O-O 18. Rac1 Rfd8 19. Rfe1 Ne7 20. Rc7 Nc6 21.
Bg5 Nxd4 22. Bxd8 Rxd8 23. Rxb7 a5 24. h3 Nc6 25. Bb5 Be8 26. Bxc6 Bxc6 27. Ra7
a4 28. bxa4 Rd2 29. Ra1 Bd5 30. a3 Rd4 31. a5 Ra4 32. f3 Kg7 33. Kf2 Kf6 34. Ke3
h5 35. h4 Bc4 36. g3 Bd5 37. f4 Rc4 38. Kd2 e5 39. fxe5+ Kxe5 40. Re1+ Kf5 41.
Re3 Rg4 42. Rae7 Be6 43. a6 Ra4 44. a7 Kf6 45. Rc7 Bd5 46. Rd3 Ke6 47. Kc2 Be4
48. Kb3 Bxd3 49. Kxa4 Be4 50. Ka5 Kd6 51. Rc8 Kd7 52. Rh8 {Black resigns} 1-0 
aics%

[Event "Team 45 45 League T31"]
[Site "Internet Chess Club"]
[Date "2006.06.24"]
[Round "1"]
[White "phoenix10q72"]
[Black "Phosphorus"]
[Result "1-0"]
[WhiteElo "2298"]
[BlackElo "2144"]
[TimeControl "2700+45"]

1. e4 d6 2. d4 Nf6 3. Nc3 g6 4. Be3 Bg7 5. f3 O-O 6. Qd2 c6 7. Nge2 b5 8. Bh6 b4
9. Nd1 c5 10. h4 Nc6 11. d5 Ne5 12. Ng3 e6 13. dxe6 Bxe6 14. h5 d5 15. hxg6 fxg6
16. Bxg7 Kxg7 17. Qh6+ Kg8 18. Ne3 Rf7 19. exd5 Bxd5 20. O-O-O Qa5 21. Nxd5 Nxd5
22. Rxd5 Qxa2 23. Rxe5 Qa1+ 24. Kd2 Qxb2 25. Qe3 Rd8+ 26. Bd3 c4 27. Re8+ Kg7
28. Qh6+ Kf6 29. Nh5# {Black checkmated} 1-0  aics%

[Event "Team 45 45 League T31"]
[Site "Internet Chess Club"]
[Date "2006.06.24"]
[Round "1"]
[White "BaroneRosso"]
[Black "JonnyBeGood"]
[Result "1/2-1/2"]
[WhiteElo "2042"]
[BlackElo "2136"]
[TimeControl "2700+45"]

1. d4 Nf6 2. c4 e6 3. Nf3 Bb4+ 4. Nbd2 d5 5. e3 O-O 6. a3 Be7 7. b4 Nbd7 8. Bb2
a5 9. b5 c5 10. bxc6 bxc6 11. c5 Ba6 12. Bxa6 Rxa6 13. Qc2 Qc7 14. O-O Ra7 15.
Rfb1 Rb8 16. Bc3 Rab7 17. h3 Bd8 18. a4 h6 19. Rxb7 Qxb7 20. Rb1 Qa7 21. Rxb8
Nxb8 22. Nb3 Ne4 23. Nfd2 Nxc3 24. Qxc3 Nd7 25. f4 Kf8 26. Nf3 Nf6 27. Nbd2 Qa6
28. Kf2 Bc7 29. Ne5 Ke7 30. Qd3 Qxd3 31. Nxd3 Nd7 32. g3 f6 33. Nb3 g5 34. Kg2
Kf7 35. Kf2 Kg6 36. g4 h5 37. Kf3 hxg4+ 38. hxg4 gxf4 39. exf4 Kh6 40. Ke3 Kg6
41. Kf3 {Game drawn by mutual agreement} 1/2-1/2  aics%

[Event "Team 45 45 League T31"]
[Site "Internet Chess Club"]
[Date "2006.06.25"]
[Round "1"]
[White "Guinness"]
[Black "Rossinantes"]
[Result "1-0"]
[WhiteElo "2358"]
[BlackElo "2335"]
[TimeControl "2700+45"]

1. e4 c5 2. d3 g6 3. f4 Bg7 4. Nf3 Nc6 5. Be2 d6 6. O-O e6 7. c3 Nge7 8. Be3 O-O
9. Na3 b6 10. Nc2 Bb7 11. d4 Qc7 12. Rc1 Rad8 13. Qe1 Nb8 14. Qh4 f6 15. Nd2 e5
16. fxe5 dxe5 17. d5 Nc8 18. Rf2 Nd6 19. Rcf1 f5 20. Bg5 Rde8 21. Na3 Nf7 22.
exf5 Nxg5 23. Qxg5 gxf5 24. Rxf5 Bxd5 25. Bc4 Bxc4 26. Naxc4 Rxf5 27. Rxf5 e4
28. Nf1 Nc6 29. Nfe3 Ne7 30. Re5 Qd7 31. Rxe4 Kh8 32. Ne5 Qe6 33. N3c4 b5 34.
Nd6 h6 35. Qh5 Qg8 36. Nef7+ Kh7 37. Rxe7 Bd4+ 38. cxd4 Rxe7 39. Qxh6# {Black
checkmated} 1-0  aics%

[Event "Team 45 45 League T31"]
[Site "Internet Chess Club"]
[Date "2006.06.22"]
[Round "1"]
[White "trivialpursuit"]
[Black "VentasD"]
[Result "0-1"]
[WhiteElo "1921"]
[BlackElo "2091"]
[TimeControl "2700+45"]

1. e4 c5 2. Nc3 Nc6 3. g3 Nf6 4. Bg2 e6 5. d3 b6 6. e5 Ng8 7. Ne4 Bb7 8. Nd6+
Bxd6 9. exd6 Nf6 10. Ne2 Qb8 11. Nc3 Qxd6 12. O-O O-O 13. a4 a6 14. Bg5 Kh8 15.
Bxf6 gxf6 16. Qh5 Qe5 17. Qd1 f5 18. Re1 Qg7 19. Ne2 Rab8 20. c3 Qg4 21. h3 Qh5
22. Qc2 e5 23. Rad1 Rg8 24. d4 f4 25. g4 Qh4 26. dxc5 f3 27. Bxf3 Qxh3 28. Ng3
Nd4 29. Qxh7+ Kxh7 30. Bxb7 Rxb7 31. cxd4 Rxg4 32. Rxe5 bxc5 33. Rxc5 Rxb2 34.
Rc3 Rxd4 35. Rdc1 Rh4 36. Rf3 Qh2+ 37. Kf1 Rh3 38. Rxf7+ Kg6 39. Rf3 Rxg3 40.
Rxg3+ Kh6 41. Rg2 Qh1+ 42. Rg1 Qf3 43. Rg2 Rxf2+ 44. Rxf2 Qh1+ {White resigns}
0-1  aics%

[Event "Team 45 45 League T31"]
[Site "Internet Chess Club"]
[Date "2006.06.28"]
[Round "1"]
[White "WesleyCrusher"]
[Black "forketta"]
[Result "1-0"]
[WhiteElo "2043"]
[BlackElo "1952"]
[TimeControl "2700+45"]

1. e4 c5 2. Nf3 d6 3. d4 cxd4 4. Nxd4 Nf6 5. Nc3 a6 6. Bc4 e6 7. Bb3 b5 8. O-O
Be7 9. Qf3 Qc7 10. Qg3 Nc6 11. Be3 O-O 12. Nxc6 Qxc6 13. Bh6 Ne8 14. Rad1 Bb7
15. Rfe1 Kh8 16. Bg5 Bxg5 17. Qxg5 Nf6 18. f3 Rad8 19. Qe3 Nd7 20. a3 Ne5 21.
Qd4 Qc5 22. Kf1 Kg8 23. Rd2 Qc7 24. Red1 Nc6 25. Qd3 Na5 26. Ba2 h6 27. Qe2 Rd7
28. Rd4 Rfd8 29. Qd2 Nc6 30. Rd3 Ne5 31. Re3 Nc4 32. Bxc4 Qxc4+ 33. Qe2 Qc5 34.
Qd2 d5 35. Rd3 Bc6 36. Qf2 Qxf2+ 37. Kxf2 dxe4 38. Rxd7 Rxd7 39. Rxd7 Bxd7 40.
Nxe4 e5 41. Nc5 Bc8 42. Ke3 f6 43. Ke4 Kf7 44. Kd5 Ke7 45. Kc6 f5 46. b4 g5 47.
Kd5 Kf6 48. c4 bxc4 49. Kxc4 h5 50. Kd5 g4 51. a4 gxf3 52. gxf3 e4 53. fxe4 f4
54. e5+ Kf5 55. e6 f3 56. e7 {Black resigns} 1-0  aics%

[Event "Team 45 45 League T31"]
[Site "Internet Chess Club"]
[Date "2006.06.27"]
[Round "1"]
[White "Milo"]
[Black "joelbanawa"]
[Result "1-0"]
[WhiteElo "2408"]
[BlackElo "2318"]
[TimeControl "2700+45"]

1. e4 e5 2. Nf3 Nc6 3. Bb5 a6 4. Ba4 Nf6 5. O-O Be7 6. Re1 b5 7. Bb3 O-O 8. a4
b4 9. d3 d6 10. a5 Be6 11. Nbd2 Qc8 12. Bc4 Rb8 13. Nf1 Nd7 14. Ne3 Nc5 15. Nd5
Bd8 16. Be3 Nd7 17. c3 bxc3 18. bxc3 Ne7 19. d4 Nxd5 20. exd5 Bg4 21. Qd3 Ra8
22. Ng5 g6 23. Ne6 Re8 24. Nxd8 Rxd8 25. f4 e4 26. Qxe4 Nf6 27. Qc2 Bf5 28. Qa2
Re8 29. Bb3 Be4 30. c4 Qf5 31. Ba4 Re7 32. Qb2 Bd3 33. Bc6 Rf8 34. Qb3 Ng4 35.
Bd2 Re4 36. h3 Nf6 37. Be3 Re7 38. Rac1 h5 39. Rc3 Be4 40. Qb2 Kg7 41. Qb7 Rh8
42. Qxa6 Bxg2 43. Kxg2 Qe4+ 44. Kg3 Ng4 45. h4 Rb8 46. Bf2 Nxf2 47. Rxe4 Nxe4+
48. Kh3 Nxc3 49. Bb5 Re3+ 50. Kg2 Nxb5 51. cxb5 Rb3 52. f5 Rb2+ 53. Kf1 R8xb5
54. fxg6 Kxg6 55. Qc6 Kf5 56. Qxc7 Ke4 57. Qxf7 Rb1+ 58. Kf2 R5b2+ 59. Kg3 Rb3+
60. Kg2 R1b2+ 61. Kg1 Rb1+ 62. Kg2 R1b2+ 63. Kg1 Ra2 64. Qg6+ Kxd4 65. Qg7+ Kd3
66. Qh7+ Kc3 67. Qh8+ Kb4 68. Qb8+ Ka4 69. Qe8+ Ka3 70. Qe1 Rab2 71. Qa1+ Kb4
72. Qe1+ Kb5 73. Qe8+ Kc4 74. Qc6+ Kd3 75. Qxd6 Rc3 76. Qg6+ Kc4 77. Qe4+ Kb3
78. Qe1 Rcc2 79. a6 Rg2+ 80. Kf1 Rh2 81. Qg3+ Ka2 82. Qxh2 Rxh2 83. a7 {Black
resigns} 1-0  aics%

[Event "Team 45 45 League T31"]
[Site "Internet Chess Club"]
[Date "2006.06.28"]
[Round "1"]
[White "iwulu"]
[Black "jpitt"]
[Result "1-0"]
[WhiteElo "2249"]
[BlackElo "2378"]
[TimeControl "2700+45"]

1. d4 Nf6 2. Nf3 g6 3. c4 Bg7 4. Nc3 d5 5. e3 O-O 6. Qb3 e6 7. Bd2 b6 8. cxd5
exd5 9. Be2 Bb7 10. O-O Nbd7 11. Rfc1 c6 12. Qa3 Re8 13. b4 Bf8 14. Qb3 Bd6 15.
g3 Qe7 16. a3 b5 17. a4 a6 18. axb5 cxb5 19. Nd1 Ne4 20. Be1 Nb6 21. Nb2 Nc4 22.
Nd3 g5 23. Nc5 g4 24. Nxe4 Qxe4 25. Nh4 Bc8 26. Bd3 Qe7 27. Qb1 Kg7 28. Bf5 Be6
29. e4 Qg5 30. e5 Be7 31. Bd3 Bd8 32. Qc2 Bb6 33. Bc3 Rec8 34. Qe2 Kh8 35. Ng2
Qe7 36. Nf4 Qg5 37. Kg2 h5 38. h4 gxh3+ 39. Nxh3 Bxh3+ 40. Kxh3 Kg7 41. f4 Qh6
42. Qf3 Rg8 43. Bxc4 bxc4 44. Qxd5 h4 45. gxh4 Kh8 46. Qf3 Bd8 47. Be1 f5 48.
Rxc4 Ra7 49. Rc6 Qh7 50. Raxa6 Rxa6 51. Rxa6 Rg4 52. Ra8 Qe7 53. d5 Kg7 54. d6
Qd7 55. Bf2 Kh6 56. b5 Qe8 57. Qc6 Qg8 58. Qf3 Qe8 59. Rxd8 Qxd8 60. Qd5 Qa5 61.
Qd3 Qa1 62. Qxf5 Qh1+ 63. Kxg4 Qg2+ 64. Bg3 Qe2+ 65. Kh3 Qf1+ 66. Kh2 Qe2+ 67.
Kg1 Qd1+ 68. Kg2 Qd5+ 69. Kh2 Qd2+ 70. Kh3 {Black resigns} 1-0  aics%

[Event "Team 45 45 League T31"]
[Site "Internet Chess Club"]
[Date "2006.06.25"]
[Round "1"]
[White "Zebbile"]
[Black "Burning-Bush"]
[Result "1/2-1/2"]
[WhiteElo "2005"]
[BlackElo "2076"]
[TimeControl "2700+45"]

1. d4 Nf6 2. c4 c5 3. e3 g6 4. Nf3 Bg7 5. dxc5 Na6 6. Nc3 Nxc5 7. Be2 O-O 8. O-O
a5 9. Nd4 d6 10. b3 b6 11. Bb2 Bb7 12. a3 Rc8 13. b4 Ncd7 14. Qb3 axb4 15. axb4
Ne4 16. Nxe4 Bxe4 17. f3 Ba8 18. Ra7 h5 19. Rfa1 Ne5 20. e4 Bc6 21. Nxc6 Nxc6
22. Bxg7 Kxg7 23. R7a6 Nd4 24. Qb2 e5 25. Bd3 Qg5 26. Qf2 Rb8 27. Kh1 h4 28.
R6a3 Rh8 29. Bf1 Qf4 30. b5 Rh5 31. R1a2 Qc1 32. Ra1 Qf4 33. R1a2 Rhh8 34. Qe3
Qf6 35. Rd2 Ra8 36. Ra6 Rab8 37. Rf2 g5 38. Kg1 Rh6 39. Ra7 Qf4 40. Qxf4 gxf4
41. h3 Rg6 42. Kh2 Kf6 43. Rfa2 Rgg8 44. Rd7 Rgd8 45. Rda7 Ke6 46. R2a6 Rdc8 47.
Kg1 Nb3 48. Ra4 Nc5 49. Ra3 Kf6 50. Kf2 Nb7 51. R7a6 Nc5 52. Ra7 Ne6 53. Rd7 Rd8
54. Raa7 Ng5 55. Rxd8 Rxd8 56. Rb7 Ne6 57. Rxb6 Nc5 58. Rc6 Ke6 59. Rc7 Ra8 60.
Kg1 Ra1 61. Rc8 Nb3 {Game drawn by mutual agreement} 1/2-1/2  aics%

[Event "Team 45 45 League T31"]
[Site "Internet Chess Club"]
[Date "2006.06.22"]
[Round "1"]
[White "nursey"]
[Black "Sean"]
[Result "0-1"]
[WhiteElo "1660"]
[BlackElo "1662"]
[TimeControl "2700+45"]

1. e4 d6 2. d4 Nf6 3. Nc3 g6 4. Nf3 Bg7 5. Be2 O-O 6. O-O Bg4 7. Bg5 Nc6 8. d5
Ne5 9. Nxe5 Bxe2 10. Qxe2 dxe5 11. Rad1 Qd7 12. a3 Rfe8 13. f4 Qg4 14. Qxg4 Nxg4
15. f5 f6 16. Bd2 a6 17. h3 Nh6 18. fxg6 hxg6 19. Kf2 Nf7 20. Ke3 Bh6+ 21. Kd3
Bxd2 22. Rxd2 Nd6 23. Rdf2 Kg7 24. g3 Rh8 25. h4 Rh5 26. b3 g5 27. hxg5 Rxg5 28.
Rf3 Rh8 29. a4 Rh3 30. Ne2 Rg4 31. Re3 Kf7 32. c4 b6 33. b4 Kg6 34. Rf2 Rh1 35.
Nc3 Ra1 36. Ref3 Ra3 37. Re2 Rb3 38. b5 a5 39. Kc2 Rb4 40. Kd3 Rxc4 41. Rfe3
Rd4+ 42. Kc2 Nb7 43. Kb3 Nc5+ 44. Ka3 Rb4 45. Re1 Rg5 46. Rh1 Rh5 47. Rh4 Kg5
48. Rxh5+ Kxh5 49. d6 cxd6 50. Nd5 Rxa4+ 51. Kb2 Nxe4 52. Rb3 Nd2 53. Nxb6 Nxb3
54. Nxa4 Nd4 55. b6 Nc6 56. Kc3 d5 57. Nc5 Kg4 58. Na6 e4 59. b7 e3 {White
resigns} 0-1

[Event "Team 45 45 League T31"]
[Site "Internet Chess Club"]
[Date "2006.06.24"]
[Round "1"]
[White "Grenadier"]
[Black "GrandPoobah069"]
[Result "1-0"]
[WhiteElo "1610"]
[BlackElo "1614"]
[TimeControl "2700+45"]

1. e4 c5 2. d4 cxd4 3. c3 d6 4. Nf3 Nf6 5. e5 dxe5 6. Nxe5 Nbd7 7. Bb5 g6 8. Qb3
e6 9. Bg5 Bg7 10. Qa4 O-O 11. cxd4 a6 12. O-O Nb6 13. Qb4 axb5 14. Nc3 Bd7 15.
Rac1 h6 16. Be3 Nfd5 17. Nxd5 Nxd5 18. Qd6 Bc6 19. Qc5 Rc8 20. Qc2 Nxe3 21. fxe3
Qg5 22. Nxc6 Qxe3+ 23. Kh1 Rxc6 24. Qd1 Rfc8 25. Rb1 h5 26. d5 Rd6 27. Rf3 Qd4
28. Qf1 Rc7 29. dxe6 Rxe6 30. Rd1 Qxb2 31. Rd8+ Kh7 32. Rd1 Bh6 33. Rxf7+ Rxf7
34. Qxf7+ Bg7 35. Qxe6 b4 36. Qb3 Qe2 37. Rb1 Bc3 38. Qf7+ Kh6 39. Qf4+ Kh7 40.
Rf1 Qxa2 41. Qf8 Bg7 42. Qxb4 Qa6 43. Rb1 b5 44. Qxb5 Qa2 45. h3 Qd2 46. Qf1 Kh6
47. Qc1 Bc3 48. Qxd2+ Bxd2 49. Kg1 Kg5 50. Kf1 Kf4 51. Rb3 h4 52. Ke2 Ba5 53.
Rf3+ Ke4 54. Ra3 Bd8 55. Ra4+ Kd5 56. Kf3 Ke5 57. Kg4 g5 58. Ra8 Bf6 59. Re8+
Kd6 60. Kf5 Bb2 61. Kxg5 Kd7 62. Re4 Kd6 63. Kxh4 Bf6+ 64. Kg4 {Black resigns}
1-0  aics%

[Event "Team 45 45 League T31"]
[Site "Internet Chess Club"]
[Date "2006.06.25"]
[Round "1"]
[White "Warpdrive"]
[Black "Wheels"]
[Result "0-1"]
[WhiteElo "1643"]
[BlackElo "1629"]
[TimeControl "2700+45"]

1. e4 e5 2. Nf3 Nc6 3. Bb5 a6 4. Ba4 Nf6 5. O-O Be7 6. Re1 b5 7. Bb3 d6 8. h3
Na5 9. c3 Nxb3 10. axb3 c5 11. d4 Qc7 12. Nbd2 cxd4 13. cxd4 O-O 14. Nf1 Bb7 15.
Ng3 Rac8 16. Bg5 Qc2 17. Re2 Qxd1+ 18. Rxd1 h6 19. Bxf6 Bxf6 20. d5 Rc7 21. Nf5
Rd8 22. Ne3 Rdc8 23. Ne1 Bg5 24. Rc2 Bxe3 25. Rxc7 Bxf2+ 26. Kxf2 Rxc7 27. Rd2
g6 28. Rc2 Rxc2+ 29. Nxc2 Kf8 30. Ne3 Bc8 31. h4 f5 32. Kf3 Kf7 33. g3 h5 34.
Nd1 fxe4+ 35. Kxe4 Bf5+ 36. Ke3 Bc2 37. Nf2 Bxb3 38. Ke4 a5 39. g4 Kf6 40. gxh5
gxh5 41. Nh1 Bc2+ 42. Ke3 Kf5 43. Ng3+ Kg4 44. Ne4 Bxe4 45. Kxe4 Kxh4 46. Kf5
Kg3 47. Ke6 e4 48. Kxd6 e3 49. Kc7 e2 50. d6 e1=Q 51. d7 Qd1 {White resigns} 0-1
 aics%

[Event "Team 45 45 League T31"]
[Site "Internet Chess Club"]
[Date "2006.06.24"]
[Round "1"]
[White "Zyme"]
[Black "peatmoss"]
[Result "0-1"]
[WhiteElo "1437"]
[BlackElo "1494"]
[TimeControl "2700+45"]

1. d4 Nf6 2. c4 d6 3. Nc3 g6 4. e4 Bg7 5. Nf3 O-O 6. Be2 e5 7. b4 exd4 8. Nxd4
c5 9. bxc5 dxc5 10. Nf3 Qxd1+ 11. Bxd1 Nxe4 12. Nxe4 Bxa1 13. Nxc5 b6 14. Nb3
Re8+ 15. Be3 Bc3+ 16. Nbd2 Ba6 17. O-O Bxd2 18. Nxd2 Bb7 19. Bb3 Na6 20. Rc1
Rad8 21. Ba4 Rxe3 22. fxe3 Rxd2 23. a3 Rxg2+ 24. Kf1 Rxh2 25. Rc3 Nc5 26. Bc2
Ne4 27. Rd3 Rxc2 28. Rd8+ Kg7 29. Rd7 Ng3+ 30. Ke1 Bf3 31. a4 Ne4 32. a5 Rc1+
33. Rd1 Rxd1# {White checkmated} 0-1  aics%

[Event "Team 45 45 League T31"]
[Site "Internet Chess Club"]
[Date "2006.06.26"]
[Round "1"]
[White "DaveTheRook"]
[Black "chiiwen"]
[Result "1-0"]
[WhiteElo "1698"]
[BlackElo "1681"]
[TimeControl "2700+45"]

1. d4 Nf6 2. c4 g6 3. Nc3 Bg7 4. e4 d6 5. f3 O-O 6. Be3 c6 7. Qd2 a6 8. Nge2
Nbd7 9. h4 Nb6 10. b3 d5 11. e5 Ne8 12. c5 Nd7 13. h5 b6 14. hxg6 hxg6 15. Bh6
bxc5 16. Bxg7 Nxg7 17. Qh6 Nh5 18. Nf4 Qa5 19. Rc1 cxd4 20. Nxh5 {Black resigns}
1-0  aics%

[Event "Team 45 45 League T31"]
[Site "Internet Chess Club"]
[Date "2006.06.22"]
[Round "1"]
[White "tryanything"]
[Black "Kingofknights"]
[Result "0-1"]
[WhiteElo "1603"]
[BlackElo "1626"]
[TimeControl "2700+45"]

1. e4 c6 2. Nf3 d5 3. exd5 cxd5 4. d4 Nf6 5. Bg5 Ne4 6. Be3 Qb6 7. b3 Bg4 8. Be2
Nc6 9. O-O e6 10. Ne5 Bxe2 11. Qxe2 Bb4 12. Nxc6 Qxc6 13. a3 Bd6 14. f3 Nc3 15.
Nxc3 Qxc3 16. Qd2 Qc7 17. Rfc1 Bxh2+ 18. Kf1 Bd6 19. c4 Qe7 20. cxd5 exd5 21.
Bg5 Qd7 22. Re1+ Kf8 23. Bf4 f6 24. Bxd6+ Qxd6 25. Qe3 Kf7 26. b4 Rhe8 27. Qd2
Rac8 28. Rxe8 Kxe8 29. Qe3+ Kf7 30. Re1 Qd7 31. Qd3 g6 32. Kf2 Rc6 33. Rh1 Kg7
34. g4 Qc7 35. Qe3 Rc2+ 36. Kf1 Rc1+ 37. Kg2 Qc2+ {White resigns} 0-1  aics%